 Seeded DCSS version 0.30-a0-715-gdb4ae3ece1 (webtiles) character file.

Game seed: 4706172323264695470 (custom seed)

1764 flotson the Trooper (level 8, 0/62 HPs)
             Began as a Demonspawn Delver on Jan 23, 2023.
             Was an Initiate of Hepliaklqana.
             Killed from afar by an orc wizard (8 damage)
             ... with a magic dart
             ... on level 6 of the Dungeon.
             The game lasted 00:13:37 (6058 turns).

flotson the Trooper (Demonspawn Delver)             Turns: 6058, Time: 00:13:38

Health: 0/62       AC:  6    Str: 11 (14) XL:     8   Next: 79%
Magic:  10/10      EV: 11    Int:  9 (11) God:    Hepliaklqana [......]
Gold:   187        SH: 12    Dex: 14 (16) Spells: 7/7 levels left

rFire   . . .      SeeInvis .    a - +2 club (spect)
rCold   . . .      Faith    .    A - +0 buckler
rNeg    . . .      Spirit   .    h - +0 ring mail
rPois   .          Reflect  .    D - +0 helmet
rElec   .          Harm     +    j - scarf {harm}
rCorr   .          Rampage  .    (no gloves)
Will    .....                    (no boots)
Stlth   ++                       (no amulet)
HPRegen 0.30/turn                (no ring)
MPRegen 0.12/turn                (no ring)

@: studying Polearms
A: large bone plates 3, powered by pain 2
a: Renounce Religion


You were on level 6 of the Dungeon.
You worshipped Hepliaklqana.
Hepliaklqana was noncommittal.
You visited 2 branches of the dungeon, and saw 7 of its levels.

You collected 295 gold pieces.
You spent 108 gold pieces at shops.

Inventory:

Hand Weapons
 a - a +2 spectral club (weapon)
Missiles
 d - 2 boomerangs
 u - 4 javelins
 v - 7 poisoned darts (quivered)
Armour
 h - a +0 ring mail (worn)
 j - a scarf of harm (worn)
 p - a +0 cloak
 A - a +0 buckler (worn)
 D - a +0 helmet (worn)
Wands
 b - a wand of mindburst (8)
 g - a wand of digging (3)
 l - a wand of iceblast (16)
Scrolls
 c - a scroll of fog
 f - a scroll of poison {unknown}
 o - 4 scrolls of teleportation
 q - 9 scrolls of identify
 r - a scroll of noise {unknown}
 t - a scroll of immolation {unknown}
 w - a scroll of blinking {unknown}
 y - a scroll of brand weapon {unknown}
 C - a scroll of magic mapping
Potions
 e - a potion of flight
 i - a potion of mutation {unknown}
 k - a potion of might
 m - 2 potions of lignification
 n - a potion of cancellation
 s - a potion of attraction {unknown}
 x - a potion of brilliance {unknown}
 B - a potion of degeneration


   Skills:
 + Level 5.2 Fighting
 + Level 4.3 Axes
 + Level 3.0 Throwing
 + Level 3.6 Armour
 + Level 4.1 Dodging
 - Level 5.0 Stealth
 + Level 2.3 Shields
 + Level 3.8 Invocations
 + Level 4.0 Evocations


You had 7 spell levels left.
You didn't know any spells.
Your spell library contained the following spells:

 Spells                   Type           Power      Damage    Failure   Level
 Lesser Beckoning         Tloc           0%         N/A       88%         2
 Gell's Gravitas          Tloc           0%         N/A       98%         3
 Teleport Other           Tloc           0%         N/A       98%         3


Dungeon Overview and Level Annotations

Branches:
Dungeon (6/15)             Temple (1/1) D:4

Altars:
Ashenzari
Cheibriados
Dithmenos
Gozag
Hepliaklqana
Kikubaaqudgha
Makhleb
Nemelex Xobeh
Sif Muna
Vehumet
Wu Jian
Xom
Yredelemnul

Shops:
D:4 ?

Annotations:
D:5 3 runed translucent doors, Zvl3's ghost, amateur MiGl


Innate Abilities, Weirdness & Mutations

You are completely covered in large bone plates. (SH +8)
You sometimes gain power by taking damage.


Message History

* * * LOW HITPOINT WARNING * * *
The jelly is heavily wounded.
The jelly hits you but does no damage. x2
You thump the jelly! The acid corrodes you!
Your branches burn!
* * * LOW HITPOINT WARNING * * *
The jelly is almost dead.
The jelly hits you but does no damage.
You hit the jelly.
You kill the jelly!
Your Throwing skill increases to level 3!
You hit the orc wizard but do no damage.
The orc wizard gestures at you while chanting.
You are confused.
You cannot move. (Use ctrl+direction or * direction to attack while stationary and confused.)
You cannot move. (Use ctrl+direction or * direction to attack while stationary and confused.)
You attack the rock wall.
The orc wizard hits you but does no damage.
You swing at nothing.
You feel less wooden.
Your scarf of harm unmelds from your body.
Your +0 helmet unmelds from your body.
Your +0 ring mail unmelds from your body.
The orc wizard barely misses you. The orc wizard misses you.
It was a potion of cancellation.
Your magical effects are unravelling.
You feel magically purged.
You feel less confused.
You feel a little less mighty now.
You are no longer corroded.
The orc wizard gestures at you while chanting.
The magic dart hits you!
* * * LOW HITPOINT WARNING * * *
You closely miss the orc wizard.
A hound comes into view.
You block the orc wizard's attack.
It was a potion of degeneration.
There was something very wrong with that liquid.
You feel weakened.
You feel dopey.
You feel clumsy. The orc wizard casts a spell at you. The magic dart hits you!
You die...

#...###.#
#####
#.......#
....###
#....#.. #
.......
#....#.###.#
.......
#.h..#.....#
.......
#.......#
.......
##......#
.......
##o#...#
.......
##@##.J...#
........
#..##.....#
######.. ..
##.###.....# #
#.. . ###..#
##.#.... #
#.##. #...##
.##.... #
#.#.. #.### .#
.... #
#.#.###.# ..
#..
######.#.#...#
.....#.#.#.###


You could see a hound (wandering) and an orc wizard.

Vanquished Creatures
  Pargi (D:3)
  An ice beast (D:6)
  An orc warrior (D:5)
  A sky beast (D:5)
  2 ogres
  A phantom (D:3)
  4 scorpions
  2 howler monkeys
  2 hounds (D:6)
  2 jellies
  2 gnoll boudas
  3 orc priests
  Ijyb (D:3)
  Terence (D:2)
  4 iguanas
  4 orc wizards
  3 gnolls
  5 adders
  An ufetubus (D:5)
  3 worms
  29 orcs
  6 ball pythons
  2 bats (D:3)
  7 endoplasms
  4 giant cockroaches
  7 goblins
  6 hobgoblins
  2 jackals (D:1)
  5 quokkas
  7 kobolds
  8 rats
127 creatures vanquished.

Vanquished Creatures (collateral kills)
  A phantom (D:5)
  2 iguanas (D:5)
  A gnoll (D:5)
4 creatures vanquished.

Vanquished Creatures (others)
  A bullfrog (D:5)
1 creature vanquished.

Grand Total: 132 creatures vanquished

Notes
Turn   | Place    | Note
-------+----------+-------------------------------------------
     0 | D:5      | flotson the Demonspawn Delver began the quest for the Orb.
     0 | D:5      | Reached XP level 1. HP: 18/18 MP: 1/1
     4 | D:5      | Noticed an iguana
     9 | D:5      | Noticed a killer bee
    10 | D:5      | Found a runed translucent gate.
    10 | D:5      | Noticed a gnoll bouda
    11 | D:5      | Found a runed translucent gate.
    11 | D:5      | Found a runed translucent gate.
    11 | D:5      | Noticed Zvl3's ghost (amateur MiGl)
    11 | D:5      | Noticed an orc wizard
    11 | D:5      | Noticed an iguana
    12 | D:5      | Noticed an iguana
    21 | D:5      | Noticed an iguana
    28 | D:5      | Noticed an iguana
    34 | D:5      | Noticed an ogre
    46 | D:5      | Noticed a jelly
    59 | D:5      | Noticed a phantom
    89 | D:5      | Noticed an iguana
   110 | D:5      | Noticed a bullfrog
   111 | D:5      | Killed a phantom
   112 | D:5      | Reached skill level 1 in Armour
   112 | D:5      | Reached skill level 1 in Evocations
   112 | D:5      | Gained mutation: You sometimes gain a little power by
                  | taking damage. [demonic ancestry]
   112 | D:5      | Reached XP level 2. HP: 24/24 MP: 2/2
   112 | D:5      | Gained mutation: You are partially covered in large bone
                  | plates. (SH +4) [demonic ancestry]
   112 | D:5      | Reached XP level 3. HP: 29/29 MP: 3/3
   112 | D:5      | Gained mutation: You are mostly covered in large bone
                  | plates. (SH +6) [demonic ancestry]
   112 | D:5      | Reached XP level 4. HP: 35/35 MP: 4/4
   114 | D:5      | Noticed a scorpion
   152 | D:4      | Reached skill level 5 in Stealth
   152 | D:4      | Gained mutation: You are completely covered in large bone
                  | plates. (SH +8) [demonic ancestry]
   152 | D:4      | Reached XP level 5. HP: 19/41 MP: 5/5
   172 | D:4      | HP: 2/41 [scorpion (4)]
  1548 | D:2      | Noticed Terence
  1771 | D:2      | Killed Terence
  2128 | D:3      | Noticed Pargi
  2184 | D:3      | Noticed Ijyb
  2199 | D:3      | Killed Ijyb
  2200 | D:3      | Gained mutation: You sometimes gain power by taking damage.
                  | [demonic ancestry]
  2200 | D:3      | Reached XP level 6. HP: 15/48 MP: 6/6
  2401 | D:3      | Found a faded altar of an unknown god.
  2550 | D:3      | Found a sparkling altar of Nemelex Xobeh.
  2557 | D:3      | Reached skill level 1 in Throwing
  2703 | D:3      | Killed Pargi
  3082 | D:4      | Reached XP level 7. HP: 51/54 MP: 7/7
  3173 | D:4      | Found a staircase to the Ecumenical Temple.
  3182 | Temple   | Entered the Ecumenical Temple
  3191 | Temple   | Became a worshipper of Hepliaklqana the Forgotten
  3664 | D:4      | Reached skill level 1 in Invocations
  3809 | D:4      | Found Wydut's Magic Scroll Boutique.
  3812 | D:4      | Bought a scroll of identify for 24 gold pieces
  3812 | D:4      | Bought a scroll of identify for 24 gold pieces
  3812 | D:4      | Bought a scroll of identify for 24 gold pieces
  3812 | D:4      | Bought a scroll of teleportation for 36 gold pieces
  4768 | D:5      | Reached skill level 1 in Shields
  5031 | D:5      | Reached XP level 8. HP: 39/61 MP: 9/9
  5706 | D:6      | Reached skill level 5 in Fighting
  6058 | D:6      | Killed from afar by an orc wizard

Illustrated notes

Levels and vault maps discovered:
D:1:      dpeg_arrival_connections, layout_basic, st_stairs_14,
          minmay_misc_feat_rows, minivault_24, hangedman_decor_clover_reticule
D:2:      layout_basic, hangedman_decor_lopped,
          nicolae_concentric_dashed_squares_mild, minmay_quadrilaterals,
          uniq_terence
D:3:      layout_basic, lemuel_tele_altar, hellmonk_ecumenical_altar_lost_god,
          minmay_misc_feat_x, minivault_26, uniq_pargi, uniq_ijyb
D:4:      cheibrodos_pilgrimage, layout_layer_cave,
          minmay_temple_entry_sparse_star, serial_shops, kennysheep_mini
D:5:      layout_rooms, gammafunk_ghost_split, cheibrodos_sewer_entry_bend
D:6:      hangedman_cross_stitches, layout_basic, abandoned_shop,
          minmay_fractal_squares_gapless_5
Temple:   compressed_dpeg_triangle_lava_temple

Skill      XL: |  1  2  3  4  5  6  7  8 |
---------------+-------------------------+-----
Axes           | 2 3 4 |  4.3
Armour         | 1 2 3 |  3.6
Dodging        | 2 3 4 |  4.1
Evocations     | 1 2 3 4 |  4.0
Stealth        | 5 |  5.0
Fighting       | 4 5 |  5.2
Throwing       | 1 2 3 |  3.0
Invocations    | 2 3 |  3.8
Shields        | 1 2 |  2.3

Action                     |  1- 3 |  4- 6 |  7- 9 || total
---------------------------+-------+-------+-------++-------
  Melee: Hand axe          |       |    88 |       ||    88
         Dagger            |       |    70 |       ||    70
         Punch             |       |     1 |       ||     1
         Club              |       |    47 |   224 ||   271
  Throw: Boomerang         |       |     8 |    10 ||    18
         Dart              |       |     3 |     4 ||     7
  Evoke: Wand              |     1 |    12 |     2 ||    15
    Use: Scroll            |     1 |     2 |     1 ||     4
         Potion            |     1 |     3 |     6 ||    10
   Stab: Sleeping          |       |    14 |     2 ||    16
         Distracted        |       |       |     1 ||     1
 Armour: Leather armour    |     1 |    22 |       ||    23
         Ring mail         |       |    21 |    54 ||    75
         Skin              |       |       |    27 ||    27
  Dodge: Dodged            |     1 |    98 |    68 ||   167
  Block: Other             |       |    75 |     6 ||    81
         Buckler           |       |       |   119 ||   119

Table legend: (Time is in decaauts)
 A = Elapsed time spent in this place.
 B = Non-inter-level travel time spent in this place.
 C = Inter-level travel time spent in this place.
 D = Time resting spent in this place.
 E = Time spent auto-exploring this place.
 F = Levels seen in this place.
 G = Mean time per level.
                   A        B        C        D        E       F      G
               +--------+--------+--------+--------+--------+-----+--------+
         Total |   6065 |   5837 |    228 |    548 |   3866 |   7 |  866.4 |
       Dungeon |   6020 |   5804 |    216 |    548 |   3849 |   6 | 1003.3 |
        Temple |     45 |     33 |     12 |      0 |     17 |   1 |   45.0 |
               +--------+--------+--------+--------+--------+-----+--------+

Top non-repeatable levels by time:
     D:4: 1610 daAuts
     D:5: 1087 daAuts
     D:3: 1005 daAuts
     D:2: 945 daAuts
     D:1: 844 daAuts
     D:6: 526 daAuts
  Temple: 45 daAuts
